 Dungeon Crawl Stone Soup version 0.30-a0-743-gbfdf073431 (webtiles) character file.

Game seed: 126929192159074404

657 Dirtsage the Covert (level 7, -9/45 HPs)
             Began as a Vampire Brigand on Feb 7, 2023.
             Mangled by an iguana (12 damage)
             ... on level 4 of the Dungeon.
             The game lasted 00:12:38 (2485 turns).

Dirtsage the Covert (Vampire Brigand)               Turns: 2485, Time: 00:12:38

Health: -9/45      AC:  4    Str: 10    XL:     7   Next: 29%
Magic:  7/7        EV: 13    Int: 13    God:
Gold:   245        SH:  0    Dex: 18    Spells: 4/6 levels left

rFire   + . .      SeeInvis +    a - +2 dagger
rCold   . . .      Faith    .    (no shield)
rNeg    . . .      Spirit   .    b - +0 robe
rPois   .          Reflect  .    o - +0 helmet
rElec   .          Harm     .    c - +0 cloak
rCorr   .          Rampage  .    (no gloves)
Will    .....                    (no boots)
Stlth   ++++                     n - amulet of regeneration
HPRegen 1.27/turn                F - ring of protection from fire
MPRegen 0.10/turn                (no ring)

@: healing quickly
A: alive, fangs 3, see invisible, vampiric 2, [frail 1]
a: Exsanguinate


You were on level 4 of the Dungeon.
You visited 1 branch of the dungeon, and saw 4 of its levels.

You collected 245 gold pieces.

Inventory:

Hand Weapons
 a - a +2 dagger (weapon)
 u - a +2 falchion of electrocution
 v - a +1 short sword of protection
Missiles
 d - 9 poisoned darts (quivered)
 e - 2 curare-tipped darts
Armour
 b - a +0 robe (worn)
 c - a +0 cloak (worn)
 o - a +0 helmet (worn)
Jewellery
 n - an amulet of regeneration (around neck)
 q - an amulet of faith
 r - a ring of fire
 F - a ring of protection from fire (left hand)
Wands
 t - a wand of iceblast (9)
 x - a wand of polymorph (7)
Scrolls
 g - 2 scrolls of teleportation {unknown}
 i - a scroll of enchant weapon {unknown}
 l - 2 scrolls of amnesia {unknown}
 m - 2 scrolls of fear {unknown}
 w - a scroll of immolation {unknown}
 y - a scroll of identify {unknown}
Potions
 f - 2 potions of attraction {unknown}
 h - 2 potions of haste
 j - a potion of heal wounds {unknown}
 k - a potion of lignification {unknown}
 p - 2 potions of curing {unknown}
 s - 2 potions of magic {unknown}
 z - a potion of flight {unknown}


   Skills:
 + Level 2.5 Fighting
 - Level 2.1(4.8) Short Blades
 * Level 6.1(6.3) Long Blades
 - Level 1.5 Throwing
 + Level 2.3 Dodging
 - Level 8.5 Stealth


You had 4 spell levels left.
You knew the following spells:

 Your Spells              Type           Power      Damage    Failure   Level
a - Wereblood             Tmut           0%         N/A       43%         2

Your spell library contained the following spells:

 Spells                   Type           Power      Damage    Failure   Level
 Beastly Appendage        Tmut           0%         N/A       30%         1
 Spider Form              Tmut/Pois      0%         N/A       67%         3
 Passage of Golubria      Tloc           0%         N/A       97%         4
 Alistair's Intoxication  Tmut/Pois      0%         N/A       100%        5
 Borgnjor's Vile Clutch   Necr/Erth      0%         N/A       100%        5
 Silence                  Hex/Air        0%         N/A       100%        5
 Eringya's Noxious Bog    Tmut/Pois      0%         N/A       100%        6
 Lehudib's Crystal Spear  Conj/Erth      0%         10d2      100%        8


Dungeon Overview and Level Annotations

Branches:
Dungeon (4/15)
 Temple: D:4-7

Altars:
Uskayaw

Shops:
D:1 [=[(:   D:4 *


Innate Abilities, Weirdness & Mutations

Your natural rate of healing is accelerated.
You have razor-sharp teeth.
You have supernaturally acute eyesight. (SInv)
You are afflicted with vampirism and can become a bat while bloodless.
[You are frail. (-10% HP)]


Message History

The shadow imp is heavily wounded.
You hit the shadow imp.
The shadow imp is severely wounded.
The shadow imp gestures at you. Pain shoots through your body!
* * * LOW HITPOINT WARNING * * *
You take 4 damage, and have 13/45 hp.
You hit the shadow imp.
The shadow imp is almost dead.
The shadow imp gestures at you. Pain shoots through your body!
* * * LOW HITPOINT WARNING * * *
You take 6 damage, and have 7/45 hp.
You hit the shadow imp but do no damage.
Your bite misses the shadow imp.
The shadow imp is almost dead.
The shadow imp gestures at you.
You struggle to resist.
You hit the shadow imp.
You kill the shadow imp!
The iguana closely misses you.
Things that are here:
a +0 short sword; a giant cockroach corpse You regained 2 hp, and now have 10/45 hp.
You hit the iguana but do no damage.
The iguana bites you but does no damage.
You hit the iguana.
The iguana is lightly wounded.
The iguana bites you!
* * * LOW HITPOINT WARNING * * *
You take 10 damage, and have 1/45 hp.
MASSIVE DAMAGE!!
You barely miss the iguana. You bite the iguana, but do no damage.
The iguana is lightly wounded.
The iguana completely misses you.
You hit the iguana.
The iguana is moderately wounded.
You hit the iguana but do no damage. Your bite misses the iguana.
The iguana is moderately wounded.
The iguana bites you!
You die...

.....!......... ##..
.......?....... #...
............... ##...
............... ##....
#.............. ##..###
#............. ##..##
#...........###..## #
#..l...# ##..## ##
###@#### #...# ##. #.##
##..## ##.. ##..#
#...####...
#...#####....##...#
#..####....##..........##
#...^..................##
.........................
.........................
.......!.................


You could see an iguana.

Vanquished Creatures
  Sigmund (D:2)
  2 phantoms (D:4)
  A scorpion (D:4)
  An iguana (D:4)
  2 orc wizards (D:4)
  Ijyb (D:3)
  Robin (D:2)
  A gnoll (D:1)
  5 adders
  A shadow imp (D:4)
  2 worms (D:2)
  A dart slug (D:2)
  5 orcs
  9 ball pythons
  6 endoplasms
  3 giant cockroaches
  18 goblins
  16 hobgoblins
  7 jackals
  2 quokkas (D:4)
  6 bats
  5 frilled lizards
  3 kobolds
  7 rats
106 creatures vanquished.

Vanquished Creatures (others)
  A fungus (D:3)
  2 plants (D:1)
  4 toadstools (D:3)
7 creatures vanquished.

Grand Total: 113 creatures vanquished

Notes
Turn   | Place    | Note
-------+----------+-------------------------------------------
     0 | D:1      | Dirtsage the Vampire Brigand began the quest for the Orb.
     0 | D:1      | Reached XP level 1. HP: 16/16 MP: 1/1
    74 | D:1      | Found Ighanopomn's Book Emporium.
    80 | D:1      | Reached skill level 6 in Stealth
    84 | D:1      | Reached skill level 1 in Long Blades
    93 | D:1      | Reached XP level 2. HP: 5/22 MP: 2/2
   172 | D:1      | Found Elepoblu's Armour Shop.
   187 | D:1      | Found Qugg's Weapon Shop.
   216 | D:1      | Gained mutation: You are afflicted with vampirism and can
                  | become a bat while bloodless. [Vampire growth]
   216 | D:1      | Reached XP level 3. HP: 27/27 MP: 3/3
   371 | D:1      | Found Bock's Jewellery Emporium.
   381 | D:1      | Found Meurug's Antique Armour Emporium.
   930 | D:2      | Noticed Sigmund
   933 | D:2      | Reached XP level 4. HP: 33/33 MP: 4/4
   941 | D:2      | Learned a level 2 spell: Wereblood
   957 | D:2      | Killed Sigmund
   958 | D:2      | Reached skill level 7 in Stealth
   958 | D:2      | Reached XP level 5. HP: 37/38 MP: 5/5
  1006 | D:2      | Found a faded altar of an unknown god.
  1193 | D:2      | Noticed Robin
  1259 | D:1      | Reached skill level 8 in Stealth
  1269 | D:2      | Killed Robin
  1270 | D:2      | Reached XP level 6. HP: 19/44 MP: 6/6
  1629 | D:3      | Found a hide-covered altar of Uskayaw.
  1872 | D:3      | Reached skill level 5 in Long Blades
  1935 | D:3      | Noticed Ijyb
  1941 | D:3      | Killed Ijyb
  2387 | D:4      | Found Itate's Assorted Antiques.
  2419 | D:4      | Reached XP level 7. HP: 40/40 MP: 7/7
  2482 | D:4      | HP: 1/45 [iguana (11)]
  2485 | D:4      | Mangled by an iguana

Illustrated notes

Levels and vault maps discovered:
D:1:      lightli_arrival_boilingwater, layout_basic, serial_shops,
          nicolae_diamond_shop, shop, shop, shop, nicolae_square_shop,
          nicolae_grassy_gnolls
D:2:      layout_rooms, ebering_ecumenical_altar_webs, minmay_fractal_squares_5,
          uniq_sigmund, uniq_robin
D:3:      layout_rooms, mainiacjoe_overflow_alcove_2, minmay_gold_behind_fungi,
          uniq_ijyb
D:4:      layout_layer_cave, serial_shops, nicolae_shop_advertising_works
          [nicolae_subvault_shop_adworks], minivault_11

Skill      XL: |  1  2  3  4  5  6  7 |
---------------+----------------------+-----
Stealth        | 6 7 8 |  8.5
Long Blades    | 1 2 4 5 6 |  6.1
Fighting       | 2 |  2.5
Dodging        | 2 |  2.3
Short Blades   | |  2.1
Throwing       | |  1.5

Action                     |  1- 3 |  4- 6 |  7- 9 || total
---------------------------+-------+-------+-------++-------
  Melee: Dagger            |    99 |   181 |    45 ||   325
         Bite              |    10 |    20 |     6 ||    36
         Punch             |     1 |     1 |     1 ||     3
  Throw: Dart              |       |     2 |       ||     2
Ability: Exsanguinate      |       |     1 |       ||     1
         Revivify          |       |       |     1 ||     1
    Use: Potion            |     1 |       |       ||     1
   Stab: Sleeping          |     3 |    21 |     1 ||    25
         Distracted        |     1 |       |       ||     1
         Confused          |       |     1 |       ||     1
 Armour: Robe              |    15 |    31 |     5 ||    51
  Dodge: Dodged            |    55 |    78 |    15 ||   148

Table legend: (Time is in decaauts)
 A = Elapsed time spent in this place.
 B = Non-inter-level travel time spent in this place.
 C = Inter-level travel time spent in this place.
 D = Time resting spent in this place.
 E = Time spent auto-exploring this place.
 F = Levels seen in this place.
 G = Mean time per level.
                   A        B        C        D        E       F      G
               +--------+--------+--------+--------+--------+-----+--------+
         Total |   2430 |   2379 |     51 |     36 |   1557 |   4 |  607.5 |
       Dungeon |   2430 |   2379 |     51 |     36 |   1557 |   4 |  607.5 |
               +--------+--------+--------+--------+--------+-----+--------+

Top non-repeatable levels by time:
     D:1: 823 daAuts
     D:2: 717 daAuts
     D:3: 458 daAuts
     D:4: 430 daAuts
